[Event "Team 45 45 League T57"]
[Site "Internet Chess Club"]
[Date "2013.06.17"]
[Round "4"]
[White "TerryMalloy"]
[Black "Kueh"]
[Result "1/2-1/2"]
[WhiteElo "1942"]
[BlackElo "2007"]
[Opening "Caro-Kann: classical variation"]
[ECO "B18"]
[Time "17:19:55"]
[TimeControl "2700+45"]

1. e4 c6 2. d4 d5 3. Nd2 dxe4 4. Nxe4 Bf5 5. Ng3 Bg6 6. N1e2 Nf6 7. c3 e6 8. Nf4
Bd6 9. h4 Bxf4 10. Bxf4 h6 11. Be2 O-O 12. Qd2 Nd5 13. O-O-O Qa5 14. a3 Qa4 15.
Bxb8 Raxb8 16. Bd3 Bxd3 17. Qxd3 e5 18. dxe5 Qf4+ 19. Qd2 Qxe5 20. Rhe1 Qc7 21.
Re4 Rfe8 22. Rde1 Rxe4 23. Rxe4 Nf6 24. Rd4 Re8 25. Nf5 Qh2 26. g3 Kh7 27. Qc2
Re1+ 28. Rd1 Rxd1+ 29. Kxd1 g6 30. Qb3 Qh1+ 31. Kd2 Ne4+ 32. Ke2 gxf5 {Game
drawn by mutual agreement} 1/2-1/2

[Event "Team 45 45 League T57"]
[Site "Internet Chess Club"]
[Date "2013.06.15"]
[Round "4"]
[White "PoisonPawn"]
[Black "MeWantCookie"]
[Result "0-1"]
[WhiteElo "2012"]
[BlackElo "2023"]
[Opening "Owen defense"]
[ECO "B00"]
[Time "14:34:02"]
[TimeControl "2700+45"]

1. e4 b6 2. d4 Bb7 3. Bd3 e6 4. Qe2 Nf6 5. Nf3 c5 6. d5 exd5 7. e5 Ng8 8. O-O
Ne7 9. Nc3 a6 10. Bg5 h6 11. Bf6 Qc7 12. b3 Nbc6 13. Rfe1 Nb4 14. Rad1 Nxd3 15.
Qxd3 d4 16. Ne4 Bxe4 17. Rxe4 Qc6 18. Nxd4 cxd4 19. Rxd4 Ra7 20. e6 fxe6 21.
Bxe7 Bxe7 22. Qg6+ Kd8 23. Rc4 Bc5 24. Kh1 d5 25. Re4 Re7 26. c4 Kc7 27. cxd5
exd5 28. Rxe7+ Bxe7 29. Qxg7 Re8 30. Re1 Kd8 31. Qe5 Qd6 32. Qf5 Rf8 33. Qh3
Rxf2 34. Rc1 Qc6 35. Re1 Qf6 36. Qd3 Qg5 37. Rg1 Rxa2 38. Qh3 Bc5 39. Rf1 Rf2
40. Rg1 Qf4 41. Qe6 Rf1 42. Qg8+ Kc7 43. Qg7+ Kc6 44. Qg6+ Qf6 45. Qe8+ Kc7
{White resigns} 0-1

[Event "Team 45 45 League T57"]
[Site "Internet Chess Club"]
[Date "2013.06.16"]
[Round "4"]
[White "cys456"]
[Black "frank001"]
[Result "1-0"]
[WhiteElo "1981"]
[BlackElo "1744"]
[Opening "Petrov: classical attack, Chigorin variation"]
[ECO "C42"]
[Time "09:01:09"]
[TimeControl "2700+45"]

1. e4 e5 2. Nf3 Nf6 3. Nxe5 d6 4. Nf3 Nxe4 5. d4 d5 6. Bd3 Nc6 7. O-O Be7 8. Re1
Bg4 9. c4 Nf6 10. Nc3 Bxf3 11. Qxf3 Nxd4 12. Qd1 dxc4 13. Bxc4 c5 14. Qa4+ Qd7
15. Qxd7+ Kxd7 16. Bxf7 Bd6 17. Rd1 Raf8 18. Bc4 Ng4 19. h3 Bh2+ 20. Kh1 Nxf2+
21. Kxh2 Nxd1 22. Nxd1 b5 23. Bb3 c4 24. Be3 Nc6 25. Bc2 Rf1 26. a4 b4 27. Rb1
g6 28. b3 c3 29. Nxc3 Rxb1 30. Nxb1 Re8 31. Bg5 Re2 32. Nd2 Nd4 33. Bd3 Re1 34.
Kg3 Kd6 35. Nf3 Nxf3 36. Kxf3 Kd5 37. Bc4+ Kd4 38. Bf6+ Kc5 39. Bh4 Rc1 40. Bf2+
Kd6 41. Bxa7 {Black resigns} 1-0

[Event "Team 45 45 League T57"]
[Site "Internet Chess Club"]
[Date "2013.06.12"]
[Round "4"]
[White "imgr8"]
[Black "xwang1"]
[Result "1-0"]
[WhiteElo "2122"]
[BlackElo "2070"]
[Opening "Giuoco Piano"]
[ECO "C54"]
[Time "19:20:09"]
[TimeControl "2700+45"]

1. e4 e5 2. Nf3 Nc6 3. Bc4 Bc5 4. c3 Nf6 5. d3 d6 6. Bb3 a6 7. O-O O-O 8. Re1
Bb6 9. h3 Ne7 10. Nbd2 Ng6 11. Nf1 h6 12. Ng3 Re8 13. d4 c6 14. Bc2 Bc7 15. Be3
b5 16. Qd2 d5 17. dxe5 Nxe5 18. Nxe5 Rxe5 19. Bf4 Re6 20. e5 Nh7 21. Nf5 f6 22.
Qd3 Nf8 23. Qg3 g6 24. Nxh6+ Kh7 25. Ng4 fxe5 26. Nxe5 Bxe5 27. Rxe5 Rxe5 28.
Bxe5 Ra7 29. Bd4 Rf7 30. Qe5 Kh6 31. Qh8+ Rh7 32. Be3+ Kh5 33. Qe5+ g5 34. Bxh7
Nxh7 35. Qg7 Bf5 36. g4+ {Black resigns} 1-0

[Event "Team 45 45 League T57"]
[Site "Internet Chess Club"]
[Date "2013.06.15"]
[Round "4"]
[White "DARKwizard1"]
[Black "irock"]
[Result "1/2-1/2"]
[WhiteElo "2009"]
[BlackElo "1901"]
[Opening "Sicilian: Hungarian variation"]
[ECO "B27"]
[Time "10:13:51"]
[TimeControl "2700+45"]

1. e4 c5 2. Nf3 g6 3. d4 cxd4 4. Qxd4 Nf6 5. e5 Nc6 6. Qc4 d5 7. exd6 Qxd6 8.
Nc3 Be6 9. Qa4 Nd5 10. Bd2 Bg7 11. Rd1 Nxc3 12. bxc3 O-O 13. Bd3 Ne5 14. Be2 Bd5
15. Be3 Qc6 16. Qxc6 Bxc6 17. Bd4 Nxf3+ 18. Bxf3 Bxf3 19. gxf3 Rfd8 20. Ke2 b6
21. Rd3 {Game drawn by mutual agreement} 1/2-1/2

[Event "Team 45 45 League T57"]
[Site "Internet Chess Club"]
[Date "2013.06.13"]
[Round "4"]
[White "primerpaso"]
[Black "zigzag2002"]
[Result "0-1"]
[WhiteElo "1886"]
[BlackElo "1997"]
[Opening "QGD: Tarrasch, Prague variation, Normal position"]
[ECO "D34"]
[Time "20:00:50"]
[TimeControl "2700+45"]

1. c4 c5 2. Nc3 e6 3. Nf3 d5 4. cxd5 exd5 5. d4 Nc6 6. g3 Nf6 7. Bg2 Be7 8. O-O
O-O 9. dxc5 Bxc5 10. a3 a6 11. b4 Ba7 12. Bg5 Be6 13. Rc1 Rc8 14. Qd3 Qd6 15.
Bf4 Qd7 16. Ne5 Qe7 17. Nxc6 bxc6 18. Qxa6 Rfd8 19. Na4 Ra8 20. Qxc6 Bd7 21. Qb7
Qxe2 22. Nc3 Qb2 23. Nxd5 Ng4 24. Nb6 Bb5 25. Nxa8 Bxf2+ 26. Rxf2 Qxf2+ 27. Kh1
Qe2 28. h3 Rd1+ {White resigns} 0-1

[Event "Team 45 45 League T57"]
[Site "Internet Chess Club"]
[Date "2013.06.17"]
[Round "4"]
[White "NimzoMal"]
[Black "sockmonkey"]
[Result "1-0"]
[WhiteElo "1972"]
[BlackElo "1801"]
[Opening "Benkö gambit: Nd2 variation"]
[ECO "A58"]
[Time "14:15:17"]
[TimeControl "2700+45"]

1. d4 Nf6 2. c4 c5 3. d5 b5 4. cxb5 a6 5. bxa6 g6 6. Nc3 Bxa6 7. Nf3 d6 8. Nd2
Bg7 9. e4 Bxf1 10. Nxf1 Qa5 11. Bd2 O-O 12. Ne3 Nbd7 13. O-O Qa6 14. Qc2 c4 15.
a4 Nc5 16. a5 Rfb8 17. Rfb1 Nfd7 18. Ncd1 Nb3 19. Ra3 Nxd2 20. Qxd2 Rb3 21. Rxb3
cxb3 22. Ra1 Nc5 23. f3 Qd3 24. Qxd3 Nxd3 25. Nc4 Rc8 26. Ra4 e6 27. dxe6 fxe6
28. a6 Bd4+ 29. Kf1 Ba7 30. Ke2 Nf4+ 31. Kd2 Nxg2 32. Nc3 Rd8 33. Nb5 d5 34.
Ncd6 Bc5 35. Nb7 Be3+ 36. Kd3 dxe4+ 37. Kxe4 Rd2 38. Na5 Rxb2 39. Nd4 Bxd4 40.
Kxd4 Rd2+ 41. Kc5 Rc2+ 42. Kb5 Ne3 43. a7 Rc8 44. Nxb3 Nd5 45. Ka6 Rc6+ 46. Ka5
Nc7 47. Nd4 {Black resigns} 1-0

[Event "Team 45 45 League T57"]
[Site "Internet Chess Club"]
[Date "2013.06.12"]
[Round "4"]
[White "pereelcoix"]
[Black "badmove"]
[Result "0-1"]
[WhiteElo "1542"]
[BlackElo "1652"]
[Opening "KGD: classical, 4.c3"]
[ECO "C30"]
[Time "17:27:05"]
[TimeControl "2700+45"]

1. e4 e5 2. f4 Bc5 3. Nf3 d6 4. c3 Bb6 5. fxe5 dxe5 6. d4 exd4 7. cxd4 Bg4 8.
Be3 Nf6 9. Nc3 O-O 10. Be2 Nc6 11. e5 Nd5 12. Nxd5 Qxd5 13. h3 Ba5+ 14. Kf1 Bf5
15. Kf2 Bb6 16. Qa4 Rae8 17. Bc4 Qd7 18. Bb5 Be4 19. Rac1 a6 20. Bxc6 Bxc6 21.
Qc4 Bd5 22. Qd3 f6 23. Rhd1 fxe5 24. dxe5 Bxe3+ 25. Kxe3 c6 26. Rf1 Qe6 27. Kd2
Bxf3 28. Rxf3 Rxf3 29. Qxf3 Rd8+ 30. Kc2 Qxa2 31. Rf1 Qc4+ 32. Kb1 Qd3+ 33. Qxd3
Rxd3 34. Re1 Rd7 35. e6 Re7 36. Re5 g6 37. g4 Kf8 38. h4 Ke8 39. Re1 Kd8 40.
Rd1+ Kc7 41. Kc2 Rxe6 42. Rf1 Re7 43. Kd3 a5 44. Rf6 b5 45. h5 gxh5 46. gxh5 Kb6
47. Kd4 Rd7+ 48. Ke3 Rd5 {White resigns} 0-1

[Event "Team 45 45 League T57"]
[Site "Internet Chess Club"]
[Date "2013.06.17"]
[Round "4"]
[White "PaulRichard"]
[Black "Andressa"]
[Result "1-0"]
[WhiteElo "1549"]
[BlackElo "1425"]
[Opening "Ruy Lopez: old Steinitz defense"]
[ECO "C62"]
[Time "10:18:27"]
[TimeControl "2700+45"]

1. e4 e5 2. Nf3 Nc6 3. Bb5 d6 4. d4 exd4 5. Nxd4 Bd7 6. Nc3 Nxd4 7. Bxd7+ Qxd7
8. Qxd4 Nf6 9. O-O Be7 10. Re1 O-O 11. b3 c5 12. Qd3 a6 13. Bb2 Rad8 14. Nd5 Qe6
15. c4 Nd7 16. Qg3 Qg6 17. Nxe7+ {Black resigns} 1-0

[Event "Team 45 45 League T57"]
[Site "Internet Chess Club"]
[Date "2013.06.16"]
[Round "4"]
[White "Andaluz"]
[Black "seattleblues"]
[Result "0-1"]
[WhiteElo "1153"]
[BlackElo "1527"]
[Opening "Caro-Kann: classical variation"]
[ECO "B18"]
[Time "12:00:59"]
[TimeControl "2700+45"]

1. e4 c6 2. d4 d5 3. Nc3 dxe4 4. Nxe4 Bf5 5. Ng3 Bg6 6. Nf3 Nd7 7. Bd3 Ngf6 8.
h3 e6 9. Bf4 Qb6 10. Bxg6 hxg6 11. b3 Bb4+ 12. Bd2 Nd5 13. Ne2 N7f6 14. c4 Bxd2+
15. Qxd2 Ne4 16. Qc2 Ndf6 17. O-O g5 18. c5 Qc7 19. Nc3 Nxc3 20. Qxc3 g4 21.
hxg4 Nxg4 22. Rfe1 O-O-O 23. Re4 Nf6 24. Ree1 Rh6 25. Qd3 Rdh8 26. Kf1 Nd5 27.
Qd2 Rh1+ 28. Ng1 Qh2 29. Ke2 Nf4+ {White forfeits on time} 0-1

[Event "Team 45 45 League T57"]
[Site "Internet Chess Club"]
[Date "2013.06.15"]
[Round "4"]
[White "divy7"]
[Black "otherook"]
[Result "1/2-1/2"]
[WhiteElo "1646"]
[BlackElo "1767"]
[Opening "Pirc defense"]
[ECO "B07"]
[Time "11:21:56"]
[TimeControl "2700+45"]

1. e4 d6 2. d4 Nf6 3. Nc3 e5 4. dxe5 dxe5 5. Qxd8+ Kxd8 6. Bg5 Bd6 7. Nd5 Nd7 8.
Bxf6+ Nxf6 9. Nxf6 gxf6 10. O-O-O Ke7 11. f3 Be6 12. a3 Bc5 13. Kb1 Rad8 14. Be2
Rxd1+ 15. Bxd1 Rd8 16. Ne2 c6 17. Nc1 Bb6 18. Be2 Rg8 19. Bf1 Be3 20. g3 Bxc1
21. Kxc1 f5 22. Bd3 fxe4 23. fxe4 {Game drawn by mutual agreement} 1/2-1/2

[Event "Team 45 45 League T57"]
[Site "Internet Chess Club"]
[Date "2013.06.14"]
[Round "4"]
[White "hondocando"]
[Black "iceface"]
[Result "0-1"]
[WhiteElo "1557"]
[BlackElo "1775"]
[Opening "Sicilian: closed"]
[ECO "B25"]
[Time "16:03:39"]
[TimeControl "2700+45"]

1. e4 c5 2. Nc3 Nc6 3. g3 g6 4. Bg2 Bg7 5. d3 d6 6. Nh3 e6 7. Be3 Nge7 8. O-O
O-O 9. Qd2 a6 10. Bh6 b5 11. Bxg7 Kxg7 12. f4 Rb8 13. g4 f5 14. exf5 exf5 15.
gxf5 Bxf5 16. Ne4 Qd7 17. Rf3 Nd4 18. Rg3 h6 19. c3 Ne6 20. Rf1 d5 21. Nef2 Qc7
22. Kh1 Rbe8 23. Ng4 Bxg4 24. Rxg4 h5 25. Ng5 Nf5 26. Nxe6+ Rxe6 27. Rg5 Ne3 28.
Rf3 d4 29. Bh3 Rxf4 30. Rxf4 Qxf4 31. Rg1 Qf3+ 32. Bg2 Nxg2 33. Qxg2 Qxg2+ 34.
Rxg2 Re1+ 35. Rg1 Rxg1+ 36. Kxg1 Kf6 37. Kf2 Kf5 38. Kf3 g5 39. Kg3 g4 40. cxd4
cxd4 41. Kh4 Kg6 42. b4 Kh6 43. a3 Kg6 44. h3 gxh3 45. Kxh3 Kg5 46. Kg3 h4+ 47.
Kh3 Kh5 48. Kh2 Kg4 49. Kg2 h3+ 50. Kh2 Kh4 51. Kh1 Kg3 52. Kg1 h2+ 53. Kh1 Kf3
54. Kxh2 Ke3 55. Kg3 Kxd3 56. Kf4 Kc2 57. Ke4 d3 58. Kd5 d2 59. Kc5 d1=Q 60. Kb6
Qd6+ 61. Ka5 Qb8 62. a4 Kc3 63. Kxa6 bxa4 {White resigns} 0-1

[Event "Team 45 45 League T57"]
[Site "Internet Chess Club"]
[Date "2013.06.16"]
[Round "4"]
[White "Elton2013"]
[Black "crazyhorses"]
[Result "0-1"]
[WhiteElo "1443"]
[BlackElo "1479"]
[Opening "Sicilian: dragon, Yugoslav attack"]
[ECO "B75"]
[Time "10:10:32"]
[TimeControl "2700+45"]

1. e4 c5 2. Nf3 d6 3. d4 cxd4 4. Nxd4 Nf6 5. Nc3 g6 6. Be3 Bg7 7. f3 Kf8 8. Qd2
Nc6 9. Bh6 Bd7 10. h4 Qb6 11. Bb5 Qxd4 12. Bxg7+ Kxg7 13. Bxc6 Qxd2+ 14. Kxd2
Bxc6 15. Rhe1 Nh5 16. Rad1 Rhd8 17. Ke3 Rac8 18. g4 Nf6 19. b4 b6 20. b5 Bb7 21.
Ne2 Rxc2 22. a3 Rdc8 23. g5 Nd7 24. f4 Nc5 25. e5 dxe5 26. fxe5 Ra2 27. Nf4
Rxa3+ 28. Kf2 Rf3+ 29. Ke2 Rxf4 30. Rd2 Rxh4 31. Ke3 Re4+ 32. Kf2 Rxe1 33. Kxe1
Rc7 34. Ra2 Ne4 35. Rxa7 Nxg5 36. Kd2 Nf3+ 37. Ke3 Nxe5 38. Kd4 Kf6 39. Ra1 Rc4+
40. Ke3 Re4+ 41. Kf2 h5 42. Kg3 h4+ 43. Kh2 Nf3+ 44. Kg2 Re1 45. Ra7 Bd5 46. Ra6
Nd2+ 47. Kf2 Re6 48. Ra1 Bc4 49. Rd1 h3 50. Rxd2 Re2+ 51. Rxe2 Bxe2 52. Kxe2 h2
53. Ke3 h1=Q 54. Kd4 Qd1+ 55. Kc4 Ke5 56. Kc3 Qd4+ 57. Kc2 Ke4 58. Kb3 Kd3 59.
Ka3 Kc2 60. Ka2 Qb2# {White checkmated} 0-1

[Event "Team 45 45 League T57"]
[Site "Internet Chess Club"]
[Date "2013.06.17"]
[Round "4"]
[White "caglar"]
[Black "moodle"]
[Result "1-0"]
[WhiteElo "1532"]
[BlackElo "1311"]
[Opening "Bishop's opening/Petrov: Urusov gambit"]
[ECO "C24"]
[Time "11:00:21"]
[TimeControl "2700+45"]

1. e4 e5 2. Bc4 Nf6 3. d4 exd4 4. Nf3 Nxe4 5. Qxd4 Nf6 6. Nc3 Nc6 7. Qh4 Be7 8.
Bg5 h6 9. O-O-O O-O 10. Bxh6 gxh6 11. Qxh6 Ng4 12. Qg6+ Kh8 13. Qh5+ Kg7 14.
Qxg4+ Kh8 15. Qh5+ Kg7 16. Qg4+ Kh8 17. Bd3 Rg8 18. Qh5+ Kg7 19. Qh7+ Kf8 20.
Rhe1 d6 21. Bc4 Qe8 22. Nd5 Be6 23. Nxc7 Qd8 24. Nxe6+ fxe6 25. Bxe6 Rg7 26.
Qh8+ Rg8 27. Qxg8# {Black checkmated} 1-0

[Event "Team 45 45 League T57"]
[Site "Internet Chess Club"]
[Date "2013.06.13"]
[Round "4"]
[White "DavidBarnsley"]
[Black "Froggy"]
[Result "0-1"]
[WhiteElo "1946"]
[BlackElo "2142"]
[Opening "Benkö gambit"]
[ECO "A57"]
[Time "14:11:43"]
[TimeControl "2700+45"]

1. d4 Nf6 2. c4 c5 3. d5 b5 4. a4 bxc4 5. Nc3 Bb7 6. e4 e6 7. Bxc4 exd5 8. exd5
d6 9. Bg5 Be7 10. Nf3 O-O 11. O-O Na6 12. Re1 Nc7 13. Qe2 Re8 14. Bb5 Nxb5 15.
Qxb5 Rb8 16. Qd3 h6 17. Bxf6 Bxf6 18. Rxe8+ Qxe8 19. Nb5 Ba6 20. Qa3 Bxb5 21.
axb5 Qxb5 22. Qxa7 Qxb2 23. Rf1 Qb7 24. Qa2 Qb3 25. Qa7 Qb7 26. Qa2 Ra8 27. Qc4
Ra1 28. Rxa1 Bxa1 29. g4 Bf6 30. Nd2 Qb2 31. Qd3 Bd4 32. Ne4 Qc1+ 33. Kg2 Qf4
34. h3 Be5 35. Ng3 c4 36. Qc2 c3 37. Qd3 g6 38. Qa6 Kg7 {White resigns} 0-1

[Event "Team 45 45 League T57"]
[Site "Internet Chess Club"]
[Date "2013.06.18"]
[Round "4"]
[White "Goli"]
[Black "CogitoErgoSum"]
[Result "1-0"]
[WhiteElo "1921"]
[BlackElo "1938"]
[Opening "Sicilian: Alapin's variation (2.c3)"]
[ECO "B22"]
[Time "16:51:08"]
[TimeControl "2700+45"]

1. e4 c5 2. c3 d5 3. exd5 Qxd5 4. d4 g6 5. Nf3 Bg7 6. Be2 Nf6 7. O-O O-O 8. h3
Nc6 9. dxc5 Qxc5 10. Be3 Qa5 11. Nbd2 Rd8 12. Qb3 Nd5 13. Nc4 Qc7 14. Rad1 Nxe3
15. Rxd8+ Qxd8 16. Nxe3 b6 17. Rd1 Qc7 18. Nd5 Qb7 19. Nb4 Be6 20. Bc4 Na5 21.
Bd5 Qc7 22. Qa4 Bd7 23. Qxd7 Qxd7 24. Bxf7+ Kxf7 25. Rxd7 Ke6 26. Rd2 Nc4 27.
Re2+ Kd6 28. Ng5 h6 29. Re6+ Kd7 30. Rxg6 Nxb2 31. Rxg7 hxg5 32. Rxg5 Rc8 33.
Rg3 Na4 34. Nd5 Rc5 35. Rd3 Ke6 36. Nf4+ Kf5 37. Ne2 e5 38. Ng3+ Ke6 39. Ne4 Rc4
40. f3 Rc6 41. g4 Nb2 42. Rd2 Na4 43. Rc2 Kd5 44. g5 b5 45. h4 Kc4 46. h5 Kd3
47. Rf2 Nxc3 48. Nxc3 Kxc3 49. h6 Rg6 50. Rg2 {Black resigns} 1-0

[Event "Team 45 45 League T57"]
[Site "Internet Chess Club"]
[Date "2013.06.17"]
[Round "4"]
[White "SaltofLife"]
[Black "Inquisiteur"]
[Result "1/2-1/2"]
[WhiteElo "1879"]
[BlackElo "1634"]
[Opening "Alekhine's defense: exchange variation"]
[ECO "B03"]
[Time "14:06:17"]
[TimeControl "2700+45"]

1. e4 Nf6 2. e5 Nd5 3. d4 d6 4. c4 Nb6 5. exd6 exd6 6. Nc3 Nc6 7. d5 Ne5 8. Be2
Bf5 9. f4 Ng6 10. Nf3 Nh4 11. O-O Nxf3+ 12. Bxf3 Be7 13. Be3 O-O 14. b3 Bf6 15.
Qd2 h6 16. Rac1 Re8 17. Rfe1 Nd7 18. Ne2 Nc5 19. Ng3 Ne4 20. Bxe4 Bxe4 21. Bxa7
Bxg2 22. Qxg2 Rxa7 23. Nf5 Kh7 24. a4 Qd7 25. Rxe8 Qxe8 26. Qf2 Ra8 27. Re1 Qd7
28. Ng3 g6 29. Qe3 h5 30. Ne4 Bh4 31. Re2 Qg4+ 32. Kh1 Qf5 33. Ng3 Qb1+ 34. Re1
Qc2 35. Re2 Qb1+ 36. Re1 Qc2 37. Re2 Qb1+ 38. Kg2 b6 39. Ne4 Qa1 40. Kh3 Bf6 41.
Ng3 Kg7 42. Re1 Qb2 43. Re2 Qa1 44. Re1 Qb2 45. Re2 Qa1 {Game drawn by
repetition} 1/2-1/2

[Event "Team 45 45 League T57"]
[Site "Internet Chess Club"]
[Date "2013.06.14"]
[Round "4"]
[White "NimzoMal"]
[Black "fishhead"]
[Result "1-0"]
[WhiteElo "1963"]
[BlackElo "1867"]
[Opening "Nimzo-Indian: 4.e3"]
[ECO "E40"]
[Time "15:00:45"]
[TimeControl "2700+45"]

1. d4 Nf6 2. c4 e6 3. Nc3 Bb4 4. e3 Bxc3+ 5. bxc3 c5 6. Bd3 O-O 7. Nf3 d6 8. O-O
Nc6 9. Qc2 e5 10. d5 Ne7 11. h3 h6 12. Bb2 Ne8 13. Rfe1 f5 14. e4 f4 15. Rab1
Ng6 16. Bc1 Nh4 17. Qe2 Nxf3+ 18. Qxf3 Qh4 19. Be2 Nf6 20. Bd2 g5 21. Qd3 b6 22.
Rb2 g4 23. hxg4 Bxg4 24. f3 Bd7 25. Reb1 Nh5 26. Be1 Ng3 27. Bxg3 fxg3 28. Qe3
Rf4 29. Bd1 Raf8 30. a3 Qh2+ 31. Kf1 h5 32. Qg1 Rxe4 33. Bb3 h4 34. Qxh2 gxh2
35. Kf2 Ref4 36. Rh1 h3 37. Rxh2 R8f6 38. Ke3 Kf8 39. Rf2 e4 40. Bd1 Ke7 41. g3
R4f5 42. f4 Rh6 43. g4 Rf8 44. Kxe4 Rh4 45. f5 Kf6 46. Kf4 Re8 47. Re2 Reh8 48.
Kg3 R4h7 49. Re1 Kg5 50. Reh1 Re8 51. Rxh3 Rxh3+ 52. Rxh3 Re3+ 53. Kg2 Re1 54.
Rh5+ Kf6 55. Rh6+ Ke7 56. f6+ Kf7 57. g5 Rxd1 58. Rh7+ Ke8 59. g6 Bf5 60. Rh8+
Kd7 61. g7 Be4+ 62. Kf2 {Black resigns} 1-0

[Event "Team 45 45 League T57"]
[Site "Internet Chess Club"]
[Date "2013.06.14"]
[Round "4"]
[White "Jack-ONeill"]
[Black "kyoroogi"]
[Result "0-1"]
[WhiteElo "2034"]
[BlackElo "2092"]
[Opening "Trompowsky attack (Ruth, Opocenský opening)"]
[ECO "A45"]
[Time "13:01:20"]
[TimeControl "2700+45"]

1. d4 Nf6 2. Bg5 e6 3. e4 h6 4. Bxf6 Qxf6 5. c3 d6 6. Bd3 g6 7. Ne2 Bg7 8. O-O
O-O 9. f4 Qe7 10. Nd2 Nd7 11. e5 a6 12. a4 Rb8 13. a5 Rd8 14. Qc2 Nf8 15. Nf3
Bd7 16. h4 Bc6 17. h5 g5 18. exd6 cxd6 19. fxg5 hxg5 20. Nh2 g4 21. h6 Bxh6 22.
Nxg4 Bg5 23. Ng3 f5 24. Bxf5 exf5 25. Nxf5 Qe4 26. Qxe4 Bxe4 {White resigns} 0-1

[Event "Team 45 45 League T57"]
[Site "Internet Chess Club"]
[Date "2013.06.15"]
[Round "4"]
[White "ben622"]
[Black "Ptzz"]
[Result "1-0"]
[WhiteElo "2036"]
[BlackElo "2088"]
[Opening "Caro-Kann: classical, Spassky variation"]
[ECO "B19"]
[Time "13:31:08"]
[TimeControl "2700+45"]

1. e4 c6 2. d4 d5 3. Nd2 dxe4 4. Nxe4 Bf5 5. Ng3 Bg6 6. h4 h6 7. Nf3 Nd7 8. h5
Bh7 9. Bd3 Bxd3 10. Qxd3 e6 11. Bd2 Ngf6 12. O-O-O Be7 13. Kb1 O-O 14. Ne4 c5
15. Bc3 Qc7 16. Nxf6+ Nxf6 17. dxc5 Qxc5 18. Ne5 Rfd8 19. Qf3 Rd5 20. Rxd5 Qxd5
21. Qxd5 Nxd5 22. Bd2 Rd8 23. c4 Nb4 24. Be3 a6 25. a3 Nd3 26. Nxd3 Rxd3 27. Kc2
Rd7 28. Bb6 f5 29. Rd1 Rxd1 30. Kxd1 Kf7 31. Ke2 e5 32. f3 f4 33. Kd3 Ke6 34.
Ke4 Bd6 35. Ba5 Bc5 36. Bc3 Bd6 37. c5 Bxc5 38. Bxe5 Kf7 39. Kf5 b5 40. Bxf4 a5
41. Be5 b4 42. axb4 axb4 43. b3 Bf8 44. Bd4 Bd6 45. g4 Bg3 46. f4 Be1 47. g5 Bc3
48. Bc5 hxg5 49. fxg5 g6+ 50. hxg6+ Kg8 51. Be7 Be1 52. Bf6 Bg3 53. Ke4 Be1 54.
Kd3 Bg3 55. Be7 Be1 56. Kc4 Bd2 57. Bxb4 Bxg5 58. Bc3 {Black resigns} 1-0

[Event "Team 45 45 League T57"]
[Site "Internet Chess Club"]
[Date "2013.06.17"]
[Round "4"]
[White "Holgate"]
[Black "alexping"]
[Result "1/2-1/2"]
[WhiteElo "2035"]
[BlackElo "1828"]
[Opening "French: Tarrasch, closed variation, main line"]
[ECO "C06"]
[Time "11:02:10"]
[TimeControl "2700+45"]

1. e4 e6 2. d4 d5 3. Nd2 Nf6 4. e5 Nfd7 5. c3 c5 6. Bd3 Nc6 7. Ne2 cxd4 8. cxd4
f6 9. exf6 Nxf6 10. Nf3 Bd6 11. O-O O-O 12. Bf4 Bxf4 13. Nxf4 Qd6 14. g3 e5 15.
dxe5 Nxe5 16. Nxe5 Qxe5 17. Qb3 Kh8 18. Qb4 Bd7 19. Rae1 Qc7 20. Rc1 Qb6 21.
Qxb6 axb6 22. a3 Rac8 23. f3 g5 24. Ne2 Rxc1 25. Rxc1 Ne8 26. Nd4 Kg7 27. Re1 h6
28. Kf2 Kf6 29. Bb5 Bxb5 30. Nxb5 Ng7 31. Nd4 Rc8 32. Re2 Rc4 33. Ke3 Ke5 34.
Kd3+ Kd6 35. Rc2 Rxc2 36. Kxc2 Ke5 37. Kd3 Ne8 38. Nb5 h5 39. b4 h4 40. Ke3 Ng7
41. f4+ gxf4+ 42. gxf4+ Kf5 43. h3 Ke6 44. Kf3 Nf5 45. Nc7+ Kd6 46. Nb5+ Ke6 47.
Nc7+ Kd6 48. Nb5+ Ke6 {Game drawn by repetition} 1/2-1/2

[Event "Team 45 45 League T57"]
[Site "Internet Chess Club"]
[Date "2013.06.16"]
[Round "4"]
[White "bobhill"]
[Black "Holzschlange"]
[Result "1-0"]
[WhiteElo "1928"]
[BlackElo "1811"]
[Opening "Queen's pawn: Torre attack"]
[ECO "A46"]
[Time "20:03:36"]
[TimeControl "2700+45"]

1. d4 Nf6 2. Nf3 e6 3. Bg5 h6 4. Bh4 d6 5. Nbd2 g5 6. Bg3 Nh5 7. c3 Bg7 8. Qc2
Nd7 9. e3 Qe7 10. Bb5 a6 11. Be2 b6 12. O-O-O Bb7 13. Nc4 O-O 14. e4 f5 15. exf5
exf5 16. Ne1 Nxg3 17. hxg3 b5 18. Ne3 Be4 19. Bd3 c5 20. Nxf5 Bxf5 21. Bxf5 cxd4
22. Be4 Rac8 23. Bd5+ Kh8 24. Nf3 dxc3 25. b4 Nb6 26. Rde1 Qf6 27. Re6 Qf5 28.
Rexh6+ Bxh6 29. Rxh6+ Kg7 30. Be4 Qxe4 31. Qxe4 Kxh6 32. Qe6+ Kg7 33. Qxd6 Nc4
34. Qd4+ Kg6 35. Qe4+ Kg7 36. Nxg5 Rfe8 37. Qh7+ Kf6 38. Ne4+ Ke6 39. g4 Nd2 40.
Qf5+ Ke7 41. Qf6+ {Black resigns} 1-0

[Event "Team 45 45 League T57"]
[Site "Internet Chess Club"]
[Date "2013.06.14"]
[Round "4"]
[White "vjbaker"]
[Black "kutch"]
[Result "1-0"]
[WhiteElo "1757"]
[BlackElo "1501"]
[Opening "Ruy Lopez: exchange variation, 5.O-O"]
[ECO "C68"]
[Time "19:00:52"]
[TimeControl "2700+45"]

1. e4 e5 2. Nf3 Nc6 3. Bb5 a6 4. Bxc6 dxc6 5. O-O Bd6 6. d4 Bg4 7. dxe5 Bxf3 8.
Qxf3 Bxe5 9. Rd1 Qe7 10. Nc3 h6 11. Bf4 Nf6 12. Rd3 O-O 13. Rad1 Rfe8 14. Bxe5
Qxe5 15. Qe2 Nxe4 16. Re3 Nxc3 17. bxc3 Qxc3 18. Rxe8+ Rxe8 19. Qxe8+ Kh7 20.
Qe4+ Kg8 21. Rd8# {Black checkmated} 1-0

[Event "Team 45 45 League T57"]
[Site "Internet Chess Club"]
[Date "2013.06.15"]
[Round "4"]
[White "PostMike"]
[Black "Littlemon"]
[Result "0-1"]
[WhiteElo "1533"]
[BlackElo "1438"]
[Opening "Scotch gambit: Benima defense"]
[ECO "C50"]
[Time "14:30:09"]
[TimeControl "2700+45"]

1. e4 e5 2. Nf3 Nc6 3. Bc4 Be7 4. d4 exd4 5. Nxd4 Ne5 6. Bb3 d6 7. O-O Nf6 8. f4
Ng6 9. Nc3 O-O 10. h3 Re8 11. Re1 Bf8 12. Nf3 h6 13. Qd4 Bd7 14. Be3 Qe7 15. Nd2
Bc6 16. f5 Ne5 17. Nd5 Nxd5 18. exd5 Bd7 19. g4 Qh4 20. Kh2 h5 21. Rg1 hxg4 22.
Rxg4 Nxg4+ 23. Qxg4 Qxg4 24. hxg4 {White resigns} 0-1

[Event "Team 45 45 League T57"]
[Site "Internet Chess Club"]
[Date "2013.06.16"]
[Round "4"]
[White "DeltaChess"]
[Black "jjaillet2007"]
[Result "1-0"]
[WhiteElo "1374"]
[BlackElo "1401"]
[Opening "French: Tarrasch, open variation"]
[ECO "C07"]
[Time "16:32:18"]
[TimeControl "2700+45"]

1. e4 e6 2. d4 d5 3. Nd2 c5 4. c3 Nc6 5. Ngf3 Bd6 6. e5 Bc7 7. Be2 cxd4 8. cxd4
Bb6 9. Bb5 a6 10. Bxc6+ bxc6 11. O-O Ne7 12. Nb3 O-O 13. Be3 Bb7 14. Qc2 Nf5 15.
Rac1 Rc8 16. Nc5 Bxc5 17. Qxc5 Qe7 18. Qxe7 Nxe7 19. Nd2 Nf5 20. Nb3 Nxe3 21.
fxe3 Rc7 22. Nc5 Bc8 23. Rc3 f6 24. exf6 Rxf6 25. Rxf6 gxf6 26. Ra3 Ra7 27. Rb3
Ra8 28. Rb6 e5 29. Rxc6 exd4 30. exd4 Kf7 31. h3 Bf5 32. Rxa6 Rg8 33. Ra7+ Kg6
34. g4 Bc2 35. Rd7 Be4 36. a4 f5 37. Rd6+ Kf7 38. Rd7+ Kg6 39. Kh2 fxg4 40. hxg4
h5 41. a5 hxg4 42. Kg3 Bf3 43. a6 Ra8 44. b4 Be2 45. a7 Bb5 46. Rc7 Kf5 47. Nb3
Ke4 48. Kxg4 Bc4 49. Nc5+ Kxd4 50. Nd7 Ke4 51. Nb6 Be2+ 52. Kg5 Rg8+ 53. Kf6 d4
54. a8=Q+ Rxa8 55. Nxa8 d3 56. Rd7 Ke3 57. b5 d2 58. b6 Bf3 59. Nc7 Ke2 60. Re7+
Kf2 61. Rd7 Ke2 62. Ke5 d1=Q 63. Rxd1 Kxd1 64. Nd5 Bxd5 65. Kxd5 {Black resigns}
1-0